 Dungeon Crawl Stone Soup version 0.29.1 (webtiles) character file.

Game seed: 12492984024121146312

3936 Acheron the Magician (level 10, -1/72 HPs)
             Began as a Mummy Necromancer on Sept 14, 2022.
             Was a Believer of Nemelex Xobeh.
             Slain by a troll (10 damage)
             ... on level 11 of the Dungeon.
             The game lasted 01:01:19 (9093 turns).

Acheron the Magician (Mummy Necromancer)            Turns: 9093, Time: 01:01:25

Health: -1/72      AC: 18    Str: 13    XL:     10   Next: 1%
Magic:  21/21      EV: 13    Int: 16    God:    Nemelex Xobeh [**....]
Gold:   440        SH:  0    Dex: 14    Spells: 11/24 levels left

rFire   . . .      SeeInvis +   j - +2 flail (protect)
rCold   + + .      Faith    .   (no shield)
rNeg    + + +      Spirit   .   k - +1 robe of Dolisasa {Drain rElec rPois Regen+}
rPois   ∞          Reflect  .   (no helmet)
rElec   +          Harm     .   u - scarf {rC+ rF+}
rCorr   .          Rampage  .   o - +0 pair of gloves
Will    +....                   m - +2 pair of boots
Stlth   +++.......              e - amulet of the acrobat
HPRegen 1.02/turn               q - ring of see invisible
MPRegen 0.17/turn               t - +4 ring of protection

@: about to teleport, under a protective aura
A: cold resistance 1, negative energy resistance 3, torment resistance 2, heat
vulnerability 1, in touch with death 1, no potions
a: Renounce Religion, Draw Escape, Draw Destruction, Draw Summoning


You were on level 11 of the Dungeon.
You worshipped Nemelex Xobeh.
Nemelex Xobeh was pleased with you.
You visited 2 branches of the dungeon, and saw 12 of its levels.

You collected 440 gold pieces.

Inventory:

Hand Weapons
 f - a +2 flail of draining
 j - a +2 flail of protection (weapon)
 w - a +3 vorpal war axe
 y - a +4 falchion
 E - a +4 morningstar
 F - a +5 spear
Missiles
 l - 3 boomerangs (quivered)
 C - 6 poisoned darts
Armour
 d - a +0 cloak
 k - the +1 robe of Dolisasa (worn) {Drain rElec rPois Regen+}
   (You found it on level 5 of the Dungeon)

   rElec:     It insulates you from electricity.
   rPois:     It protects you from poison.
   Regen:     It increases your rate of health regeneration.
   Drain:     It drains your maximum health when unequipped.
 m - a +2 pair of boots (worn)
 o - a +0 pair of gloves (worn)
 u - a scarf of resistance (worn)
 v - a +2 robe of willpower
Jewellery
 e - an amulet of the acrobat (around neck)
 n - an amulet of regeneration
 q - a ring of see invisible (left hand)
 r - a ring of protection from cold
 s - an amulet of magic regeneration
 t - a +4 ring of protection (right hand)
Wands
 g - a wand of roots (11)
 h - a wand of mindburst (30)
 p - a wand of flame (34)
Scrolls
 a - 3 scrolls of poison
 b - 9 scrolls of identify
 c - 2 scrolls of teleportation
 i - 3 scrolls of immolation
 A - 2 scrolls of butterflies
 D - a scroll of amnesia
Miscellaneous
 B - a piece from Xom's chessboard (15/15)


   Skills:
 * Level 4.2 Fighting
 + Level 2.2(3.7) Axes
 * Level 4.6(4.9) Maces & Flails
 * Level 2.8 Throwing
 * Level 4.2 Dodging
 * Level 4.0 Stealth
 * Level 7.6 Spellcasting
 * Level 6.9 Necromancy
 * Level 2.2 Invocations
 * Level 3.0 Evocations


You had 11 spell levels left.
You knew the following spells:

 Your Spells              Type           Power      Damage    Failure   Level
a - Necrotise             Necr           100%       1d9       1%          1
b - Vampiric Draining     Necr           42%        2d9       1%          3
c - Animate Dead          Necr           42%        N/A       7%          4
d - Agony                 Necr           42%        N/A       19%         5

Your spell library contained the following spells:

 Spells                   Type           Power      Damage    Failure   Level
 Borgnjor's Vile Clutch   Necr/Erth      12%        N/A       61%         5
 Alistair's Intoxication  Tmut/Pois      4%         N/A       97%         5
 Eringya's Noxious Bog    Tmut/Pois      3%         N/A       100%        6


Dungeon Overview and Level Annotations

Branches:
Dungeon (11/15)            Temple (1/1) D:6
   Lair: D:8-11         Orc: D:9-12

Altars:
Ashenzari
Cheibriados
Dithmenos
Fedhas
Gozag
Hepliaklqana
Kikubaaqudgha
Makhleb
Nemelex Xobeh
Qazlal
Ru
Sif Muna
Trog
Uskayaw
Vehumet
Wu Jian
Xom
Yredelemnul

Shops:
D:7 [

Annotations:
D:4 2 transporters, exclusion: downstairs, Grinder; glosham's ghost, weakling SpAE
D:7 exclusion: downstairs
D:10 exclusion: oklob plant


Innate Abilities, Weirdness & Mutations

You are immune to poison.
Your flesh is cold resistant. (rC+)
You are immune to negative energy. (rN+++)
You are immune to unholy pain and torment.
You are vulnerable to heat. (rF-)
You are in touch with the powers of death.
You do not drink.


Message History

You hit the troll but do no damage.
The troll is heavily wounded.
The troll bites you! The troll barely misses you.
The troll claws you but does no damage. The troll bites you.
The troll claws you but does no damage. The troll barely misses you.
You closely miss the troll.
The troll is heavily wounded.
The troll bites you but does no damage. The troll closely misses you.
The troll claws you but does no damage.
You barely miss the troll.
The troll is moderately wounded.
The troll misses you. The troll claws you. The troll closely misses you.
You closely miss the troll.
The troll is moderately wounded.
The troll bites you! The troll misses you.
The troll claws you but does no damage.
You barely miss the troll.
The troll is moderately wounded.
The troll bites you!
The troll claws you but does no damage. x2
You closely miss the troll.
The troll is moderately wounded.
The troll bites you but does no damage. The troll completely misses you.
The troll closely misses you.
You hit the troll.
Your weapon exudes an aura of protection.
The troll is heavily wounded.
The troll bites you. The troll claws you.
* * * LOW HITPOINT WARNING * * *
The troll claws you but does no damage. The troll misses you.
The troll claws you!
* * * LOW HITPOINT WARNING * * *
The troll claws you but does no damage.
As you read the scroll of teleportation, it crumbles to dust.
You feel strangely unstable. The troll bites you.
* * * LOW HITPOINT WARNING * * *
The troll claws you.
* * * LOW HITPOINT WARNING * * *
The troll claws you!
You die...
Your body disappears without a glow.

#<#
#.#####.#
#.......#
######..#
#....#
#####.##.#
#.....##.#
#.######.#
#@T.# ..#
#.#.# ..#
#.#.# #.#
### # .#


You could see a troll.

Vanquished Creatures
  Pikel (D:5)
  Sigmund (D:5)
  2 wyverns
  A yak (D:10)
  A steam dragon (D:7)
  Edmund (D:5)
  2 water moccasins
  An orc warrior (D:8)
  2 ice beasts
  An ogre (D:5)
  A centaur (D:10)
  2 lemures
  A bullfrog (D:7)
  A gnoll sergeant (D:7)
  Blork the orc (D:5)
  2 necrophages
  2 scorpions
  9 wights
  2 jellies
  4 killer bees (D:10)
  5 orc priests
  4 hounds
  An iguana (D:5)
  Ijyb (D:4)
  3 orc wizards
  12 gnolls
  11 adders
  A shadow imp (D:7)
  3 white imps
  An ufetubus (D:6)
  3 worms
  25 orcs
  A bat (D:2)
  6 endoplasms
  A giant cockroach (D:4)
  8 goblins
  6 hobgoblins
  5 kobolds (D:1)
  3 quokkas
  9 ball pythons
  4 frilled lizards
  4 rats
155 creatures vanquished.

Vanquished Creatures (collateral kills)
  A scorpion (D:4)
  An adder (D:2)
  A gnoll (D:7)
  2 hobgoblins (D:2)
  A quokka (D:3)
  A rat (D:3)
7 creatures vanquished.

Vanquished Creatures (others)
  2 fungi (D:6)
2 creatures vanquished.

Grand Total: 164 creatures vanquished

Notes
Turn   | Place    | Note
-------+----------+-------------------------------------------
     0 | D:1      | Acheron the Mummy Necromancer began the quest for the Orb.
     0 | D:1      | Reached XP level 1. HP: 13/13 MP: 4/4
   176 | D:1      | Reached XP level 2. HP: 19/19 MP: 2/5
   204 | D:1      | Reached skill level 3 in Spellcasting
   491 | D:1      | Found a faded altar of an unknown god.
   519 | D:1      | Gained mutation: You are in touch with the powers of death.
                  | [Mummy growth]
   519 | D:1      | Reached XP level 3. HP: 15/25 MP: 1/7
  1083 | D:2      | Reached skill level 1 in Fighting
  1466 | D:2      | Reached XP level 4. HP: 32/32 MP: 3/9
  1710 | D:3      | Learned a level 3 spell: Vampiric Draining
  1741 | D:2      | Reached skill level 5 in Necromancy
  2084 | D:3      | Learned a level 4 spell: Animate Dead
  2315 | D:4      | Reached XP level 5. HP: 16/37 MP: 7/10
  2323 | D:4      | Noticed Ijyb
  2330 | D:4      | Killed Ijyb
  2331 | D:4      | Reached skill level 4 in Spellcasting
  2685 | D:4      | Noticed Grinder
  2826 | D:5      | Entered Level 5 of the Dungeon
  2861 | D:5      | Reached skill level 1 in Axes
  3073 | D:4      | Found a transporter.
  3075 | D:4      | Noticed glosham's ghost (weakling SpAE)
  3076 | D:4      | Found a transporter.
  3425 | D:3      | Reached XP level 6. HP: 44/44 MP: 7/12
  4190 | D:5      | Noticed Pikel
  4255 | D:5      | Identified the +1 robe of Dolisasa {Drain rElec rPois
                  | Regen+}
  4273 | D:5      | Reached skill level 5 in Spellcasting
  4273 | D:5      | Reached skill level 1 in Evocations
  4316 | D:5      | Noticed a water moccasin
  4861 | D:6      | Found a staircase to the Ecumenical Temple.
  4868 | Temple   | Entered the Ecumenical Temple
  4880 | Temple   | Learned a level 5 spell: Agony
  5007 | Temple   | Became a worshipper of Nemelex Xobeh the Trickster
  5030 | D:6      | Reached XP level 7. HP: 42/50 MP: 13/15
  5222 | D:5      | You fall into a shaft and drop 2 floors!
  5843 | D:7      | Found Bosopn's Antique Armour Shoppe.
  5907 | D:7      | Reached skill level 1 in Throwing
  5927 | D:7      | Reached skill level 6 in Spellcasting
  6023 | D:8      | Reached * piety under Nemelex Xobeh
  6092 | D:8      | Reached skill level 1 in Maces & Flails
  6092 | D:8      | Reached XP level 8. HP: 37/57 MP: 17/17
  6357 | D:7      | Received a gift from Nemelex Xobeh
  6691 | D:5      | Noticed Blork the orc
  6698 | D:5      | Killed Blork the orc
  6726 | D:5      | Noticed Edmund
  6901 | D:5      | Found a shimmering altar of Xom.
  6984 | D:5      | Noticed Sigmund
  7273 | D:5      | Found a shadowy altar of Dithmenos.
  7390 | D:5      | Killed Pikel
  7391 | D:5      | Reached skill level 7 in Spellcasting
  7391 | D:5      | Reached skill level 1 in Invocations
  7391 | D:5      | Reached XP level 9. HP: 33/64 MP: 19/19
  7396 | D:5      | Killed Edmund
  7536 | D:5      | Killed Sigmund
  8714 | D:8      | Noticed a two-headed ogre
  8763 | D:9      | Reached ** piety under Nemelex Xobeh
  8763 | D:9      | Received a gift from Nemelex Xobeh
  8770 | D:10     | Entered Level 10 of the Dungeon
  8830 | D:10     | Noticed an oklob plant
  9009 | D:9      | Received a gift from Nemelex Xobeh
  9041 | D:10     | Reached XP level 10. HP: 71/72 MP: 21/21
  9093 | D:11     | Slain by a troll

Illustrated notes

Levels and vault maps discovered:
D:1:      dpeg_arrival_fog, layout_basic, ebering_ecumenical_altar_abandoned
D:2:      layout_loops_ring, st_stairs_5
D:3:      cheibrodos_pilgrimage, layout_basic, hangedman_decor_points
D:4:      layout_loops_ring, gammafunk_ghost_mausoleum, uniq_ijyb, uniq_grinder
D:5:      layout_basic, mainiacjoe_overflow_surrounded_room, xom_butterflies,
          chequers_decorated_corner, uniq_sigmund, uniq_blork_the_orc,
          uniq_pikel, uniq_edmund
D:6:      layout_rooms, minmay_temple_entry_hall, dreamdust_gnoll_farm
D:7:      layout_basic, serial_shops, shop, minmay_fountain_box
D:8:      kennysheep_six_static_rooms, layout_rooms, okawaru_metal_pillars_1_2
D:9:      minmay_blocky_corners, layout_gridville, minmay_misc_feat_square
D:10:     layout_irregular_city, mainiacjoe_overflow_cross_hatched,
          dpeg_oklobed_lair
D:11:     layout_basic, david_orc_4, grunt_gozag_statues
Temple:   mainiacjoe_temple_coin_purse

Skill      XL: |  1  2  3  4  5  6  7  8  9 |
---------------+----------------------------+-----
Spellcasting   | 3 4 5 6 7 |  7.6
Fighting       | 1 2 3 4 |  4.2
Necromancy     | 5 6 |  6.9
Axes           | 1 2 |  2.2
Dodging        | 2 3 4 |  4.2
Stealth        | 2 3 4 |  4.0
Evocations     | 1 2 3 |  3.0
Throwing       | 1 2 |  2.8
Maces & Flails | 1 3 4 |  4.6
Invocations    | 1 2 |  2.2

Action                   |  1- 3 |  4- 6 |  7- 9 | 10-12 || total
-------------------------+-------+-------+-------+-------++-------
Melee: Unarmed           |     9 |       |       |       ||     9
       Punch             |     1 |     1 |     8 |       ||    10
       War axe           |    25 |    56 |       |       ||    81
       Flail             |       |    12 |   474 |    13 ||   499
Throw: Boomerang         |       |       |     5 |       ||     5
 Cast: Necrotise         |    48 |    86 |    84 |       ||   218
Invok: Draw Destruction  |       |       |     1 |       ||     1
Evoke: Wand              |       |     3 |     8 |       ||    11
  Use: Scroll            |     1 |     9 |     4 |     1 ||    15
 Stab: Sleeping          |     1 |       |     1 |       ||     2
Armor: Robe              |    11 |    22 |   253 |    14 ||   300
Dodge: Dodged            |    34 |    75 |   463 |    20 ||   592
